 Dungeon Crawl Stone Soup version 0.27.1-1-g398f81649c (webtiles) character file.

Game seed: 15380072817771309577

72 101zpm the Covered (level 4, -3/28 HPs)
             Began as a Gargoyle Fighter on Sept 15, 2021.
             Slain by Sigmund (7 damage)
             ... on level 3 of the Dungeon.
             The game lasted 00:04:29 (2565 turns).

101zpm the Covered (Gargoyle Fighter)               Turns: 2565, Time: 00:04:30

Health: -3/28      AC: 10    Str: 20    XL:     4   Next: 26%
Magic:  4/4        EV:  7    Int:  9    God:
Gold:   85         SH:  9    Dex:  9    Spells: 3/3 levels left

rFire    . . .     SeeInvis .   q - +0 dagger (venom)
rCold    . . .     Faith    .   c - +0 kite shield
rNeg     + . .     Spirit   .   b - +0 scale mail
rPois    ∞         Reflect  .   (no helmet)
rElec    +         Harm     .   (no cloak)
rCorr    .         Rampage  .   (no gloves)
Will     .....                  (no boots)
Stlth    ..........             (no amulet)
HPRegen  0.09/turn              (no ring)
MPRegen  0.09/turn              (no ring)

@: no status effects
A: sickness immunity, AC +3, negative energy resistance 1, electricity
resistance, torment resistance 1, petrification resistance
a: no special abilities


You were on level 3 of the Dungeon.
You visited 1 branch of the dungeon, and saw 3 of its levels.

You collected 85 gold pieces.

Inventory:

Hand Weapons
 a - a +0 flail
 q - a +0 dagger of venom (weapon)
Missiles
 g - a boomerang (quivered)
 h - 13 poisoned darts
 m - 117 stones
 n - 54 sling bullets
Armour
 b - a +0 scale mail (worn)
 c - a +0 kite shield (worn)
Scrolls
 e - a scroll of vulnerability {unknown}
 j - a scroll of magic mapping {unknown}
 o - a scroll of silence {unknown}
 p - a scroll of noise {unknown}
 s - 3 scrolls of enchant weapon {unknown}
 t - a scroll of holy word {unknown}
 u - 2 scrolls of teleportation {unknown}
Potions
 d - a potion of might
 f - a potion of brilliance {unknown}
 i - 2 potions of curing {unknown}
 k - a potion of attraction {unknown}
 l - a potion of degeneration {unknown}
 r - a potion of mutation {unknown}


   Skills:
 + Level 3.6 Fighting
 + Level 3.0 Maces & Flails
 + Level 0.2 Throwing
 + Level 3.8 Armour
 + Level 0.3 Dodging
 + Level 0.1 Stealth
 + Level 3.8 Shields


You had 3 spell levels left.
You didn't know any spells.
Your spell library contained the following spells:

 Spells                   Type           Power      Damage    Failure   Level
 Shock                    Conj/Air       0%         1d3       99%         1
 Summon Small Mammal      Summ           0%         N/A       99%         1
 Call Canine Familiar     Summ           0%         N/A       100%        3
 Summon Guardian Golem    Hex/Summ       0%         N/A       100%        3
 Swiftness                Air            0%         N/A       100%        3
 Airstrike                Air            0%         N/A       100%        4


Dungeon Overview and Level Annotations

Branches:
Dungeon (3/15)

Altars:

Annotations:
D:3 Sigmund


Innate Abilities, Weirdness & Mutations

You are immune to sickness and miasma.
Your stone body is resilient. (AC +3)
You are immune to poison.
You resist negative energy. (rN+)
You are resistant to electric shocks. (rElec)
You are resistant to unholy torment.
You are immune to petrification.


Message History

i - 2 coppery potions (gained 1)
You see here 23 arrows.
Sigmund the Dreaded comes into view.
He is wielding a +0 scythe.
Sigmund shouts!
Sigmund says, "You will soon forget everything."
Sigmund drinks a potion.
Sigmund flickers and vanishes!
Deactivating autopickup; reactivate with Ctrl-A.
No target in view!
No target in view!
No target in view!
No target in view!
No target in view!
No target in view!
No target in view!
No target in view!
No target in view!
No target in view!
No target in view!
No target in view!
No target in view!
No target in view!
No target in view!
No target in view!
No target in view!
No target in view!
Found 21 arrows.
You block something's attack.
You miss something. You block something's attack.
You miss something.
You hear some strange, mumbled words.
A magic dart appears from out of thin air!
The magic dart hits you but does no damage.
Your shield and scale mail prevent you from hitting something.
Something hits you!
You closely miss something. You block something's attack.
You miss something. Something hits you!
You hit something. You closely miss something. Something hits you!
* * * LOW HITPOINT WARNING * * *
You hit something but do no damage. Something hits you!
You die...

#.# #..#..#...... #.#
#.....#...... ..#
#.....#..().. ###
#.....##....#
#......###)..
#.#..#..†.).. #
##.#..###....#
#...#######.#.....######
.(....{@...###..........
#...#######.#..#.......#
# #..#.#.#######
#.##.#.# #.##.#.#
#..#.#.. #....## . .


There were no monsters in sight!

Vanquished Creatures
  A gnoll (D:1)
  2 dart slugs (D:1)
  A worm (D:2)
  7 ball pythons
  5 endoplasms
  3 giant cockroaches
  6 goblins
  5 hobgoblins
  2 jackals (D:2)
  6 bats
  5 frilled lizards
  6 kobolds
  5 rats
54 creatures vanquished.

Notes
Turn   | Place    | Note
-------+----------+-------------------------------------------
     0 | D:1      | 101zpm the Gargoyle Fighter began the quest for the Orb.
     0 | D:1      | Reached XP level 1. HP: 14/14 MP: 1/1
   309 | D:1      | Reached XP level 2. HP: 2/19 MP: 2/2
   905 | D:1      | Reached XP level 3. HP: 20/23 MP: 3/3
  1981 | D:2      | Reached XP level 4. HP: 28/28 MP: 4/4
  2553 | D:3      | Noticed Sigmund
  2565 | D:3      | Slain by Sigmund

Illustrated notes

Levels and vault maps discovered:
D:1:      minmay_arrival_wavy_path, layout_basic, minmay_heptomino_w4
D:2:      layout_rooms
D:3:      layout_loops_ring, supply_closet_lemuel,
          minmay_randomly_rotated_circles, uniq_jessica, uniq_sigmund

Skill      XL: |  1  2  3  4 |
---------------+-------------+-----
Maces & Flails | 3 |  3.0
Fighting       | |  3.6
Throwing       | |  0.2
Armour         | |  3.8
Dodging        | |  0.3
Stealth        | |  0.1
Shields        | |  3.8

Action                   |  1- 3 |  4- 6 || total
-------------------------+-------+-------++-------
Melee: Flail             |   144 |    18 ||   162
       Dagger            |       |    24 ||    24
Throw: Boomerang         |     9 |       ||     9
Armor: Scale mail        |    69 |    20 ||    89
Dodge: Dodged            |    72 |    12 ||    84
Block: Kite shield       |    72 |    25 ||    97
